 Dungeon Crawl Stone Soup version 0.23-b1-51-gfe822ef6ca (webtiles) character file.

Game seed: 6359678438643853931

25 Ihlosi the Skirmisher (level 3, 0/36 HPs)
             Began as a Kobold Fighter on Feb 3, 2019.
             Slain by an adder (3 damage)
             ... on level 2 of the Dungeon.
             The game lasted 00:02:07 (1065 turns).

Ihlosi the Skirmisher (Kobold Fighter)              Turns: 1065, Time: 00:02:08

Health: 0/36       AC: 21    Str: 14    XL:     3   Next: 20%
Magic:  3/3        EV:  3    Int:  9    God:
Gold:   120        SH:  9    Dex: 14    Spells: 2/2 levels left

rFire    . . .     SeeInvis .   a - +0 flail
rCold    . . .     Gourm    .   c - +0 shield
rNeg     + + +     Faith    .   (armour currently unavailable)
rPois    +         Spirit   .   (helmet currently unavailable)
rElec    .         Reflect  .   (cloak currently unavailable)
rCorr    .         Harm     .   (gloves currently unavailable)
MR       .....     NoTele   +   (boots currently unavailable)
Stlth    +.........             (no amulet)
HPRegen  0.12/turn              (no ring)
MPRegen  0.08/turn              (no ring)

@: lethally poisoned (0 -> -1), tree-form
A: small, carnivore
a: no special abilities


You were on level 2 of the Dungeon.
You were completely stuffed.
You were a tree.
You visited 1 branch of the dungeon, and saw 3 of its levels.

You collected 120 gold pieces.

Inventory:

Hand Weapons
 a - a +0 flail (weapon)
Missiles
 j - 15 bolts
 q - 4 poisoned needles
Armour
 b - a +0 scale mail (melded)
 c - a +0 shield (worn)
 n - a +0 helmet (melded)
Scrolls
 e - a scroll of magic mapping {unknown}
 i - a scroll of immolation {unknown}
 k - 2 scrolls of remove curse {unknown}
 m - 2 scrolls of identify {unknown}
 r - a scroll of fog {unknown}
Potions
 d - 2 potions of might
 g - a potion of cancellation
 l - a potion of magic {unknown}
 p - a potion of agility {unknown}
Comestibles
 f - 2 rations
 o - a chunk of flesh


   Skills:
 * Level 3.7 Fighting
 * Level 2.1 Maces & Flails
 * Level 2.6 Armour
 * Level 0.6 Dodging
 * Level 2.6 Shields


You had 2 spell levels left.
You didn't know any spells.
Your spell library was empty.

Dungeon Overview and Level Annotations

Branches:
Dungeon (3/15)

Altars:
Okawaru


Innate Abilities, Weirdness & Mutations

You are small and have problems with some larger weapons.
You are carnivorous and can eat meat at any time.


Message History

You miss the adder.
The adder is severely wounded.
The adder barely misses you. You block the adder's attack.
You hit the adder but do no damage.
The adder is severely wounded.
You feel sick.
The adder bites you but does no damage. x2
You barely miss the adder.
The adder is severely wounded.
The adder bites you but does no damage.
Some of the chunks of flesh in your inventory have rotted away.
You miss the adder.
The adder is severely wounded.
You block the adder's attack. The adder barely misses you.
You closely miss the adder.
The adder is severely wounded.
You feel sick.
The adder bites you but does no damage. x2
You hit the adder.
The adder is almost dead.
The adder bites you.
You die...

#####.####...........
#.# ###...##### #.#
#.†....# #.# #...##.#
#.# ######.# #.#
###..#####.#
#.########...........
#.##..(((<)#.######..
#....#######♣# ####.
#S# #. #S# #. ###r###
#. #.....# # #.
#.###.####..### #.
#.# #r......... ##.#
#..#...♣... ####..#
#.....♣.♣


You could see 2 adders and a rat.

Vanquished Creatures
  An ooze (D:1)
  A dart slug (D:2)
  3 ball pythons (D:1)
  A giant cockroach (D:2)
  3 goblins
  4 hobgoblins
  2 bats
  A frilled lizard (D:1)
  4 rats
20 creatures vanquished.

Notes
Turn   | Place    | Note
-------+----------+-------------------------------------------
     0 | D:1      | Ihlosi the Kobold Fighter began the quest for the Orb.
     0 | D:1      | Reached XP level 1. HP: 14/14 MP: 1/1
   472 | D:1      | Reached XP level 2. HP: 19/19 MP: 2/2
   880 | D:2      | Reached XP level 3. HP: 13/23 MP: 3/3
   911 | D:2      | You fall through a shaft!
  1028 | D:2      | Found an iron altar of Okawaru.
  1065 | D:2      | Slain by an adder

Skill      XL: |  1  2 |
---------------+-------+-----
Maces & Flails | 2 |  2.1
Fighting       | |  3.7
Armour         | |  2.6
Dodging        | |  0.6
Shields        | |  2.6

Action                   || total
-------------------------++-------
Melee: Flail             ||    87
  Use: Potion            ||     2
  Eat: Chunk             ||     9
Armor: Scale mail        ||    31
       Skin              ||    12
Dodge: Dodged            ||    29
Block: Shield            ||    54
